Yorick, chaotic male elven Priest --- ---- --.-- --..| ....^..| |...| .......-- --..-- |.......| ....------ --.......| ........%... |^.......| .......)..[.. |........| --.....------ |.|.--...| |...--..-- ^ |.|------- |...--...| |)| --- -........| -->-|..| |......^..| .%..|..--- -........-- --.......| |.........----- |.......| |-...G........-- --.--....-- |...)h.........| |..|......-- |..|@|...--....| |...|......| -------..|---.-- --.---.--.-- - --- ------ Yorick the Adept Experience level: 6 Strength: 12 Dexterity: 18 Constitution: 12 Intelligence: 8 Wisdom: 18 Charisma: 8 Health: 0(47) Energy: 76(76) Def: 1 Gold: 0 Moves: 1921 Dungeon seed: 3vMouIxAimMxkkXL Game ID: Yorick_1614600190 Your Inventory: Weapons l - 24 +0 darts A - 6 +0 arrows (in quiver) B - a +0 bow (alternate weapon; not wielded) K - a +0 elven dagger L - 4 +0 daggers Armor n - a +0 small shield (being worn) Comestibles c - a clove of garlic d - a sprig of wolfsbane v - 2 food rations Scrolls m - a cursed scroll of stinking cloud Spellbooks g - a spellbook of healing Potions b - 4 potions of holy water Wands i - a wand of locking (0:4) Tools h - a wooden harp t - 18 tallow candles (0:200) E - a wax candle (0:400) F - a blessed wax candle (0:400) G - an oil lamp (0:1147) H - a skeleton key I - a lock pick J - a blessed partly used wax candle (lit) (0:238) Gems y - an amethyst stone z - a worthless piece of yellowish brown glass N - 2 worthless pieces of violet glass Spells and supernatural/magical abilities: Name Level Category Fail Memory h - healing 1 healing 0% 91% n - detect monsters 1 divination 0% 91% W - pray for help -- divine ? -- X - turn undead -- divine ? -- Your skills at the end: Fighting Skills Weapon Skills mace [Basic] Spellcasting Skills clerical spells [Basic] Final Attributes: You were piously aligned. You were sleep resistant. You had infravision. You were lucky. You are dead. Vanquished creatures: a large mimic a small mimic 3 gnome lords 2 gnomish wizards a black naga hatchling 2 dwarves 5 monkeys 2 hobbits 3 giant rats a brown mold 22 gnomes a gnome zombie 5 jackals 2 kobolds a sewer rat 4 grid bugs 4 lichens a kobold zombie 2 newts 63 creatures vanquished. Voluntary challenges: You had been an atheist until turn 1908. You used a wielded weapon 93 times, starting on turn 23. You read items or engraved 4 times, starting on turn 10. You never genocided any monsters. You never polymorphed an object. You never changed form. You used no wishes. You never split a pudding. You never wrote Elbereth's name. You never violated your personal moral code. Dungeon overview: The Dungeons of Doom: levels 1 to 3 Level 1 an altar to Ishtar a long staircase Level 2 Level 3 stairs to The Gnomish Mines The Gnomish Mines: levels 4 to 7 Level 4 stairs to The Dungeons of Doom Level 5 Level 6 <- You were here Level 7 many shops, a temple to Ishtar, some fountains History has recorded: On T:1 you entered the Dungeons of Doom to retrieve the Amulet of Yendor! On T:236 you reached level 2 of The Dungeons of Doom. On T:706 you advanced to experience level 2. On T:722 you reached level 3 of The Dungeons of Doom. On T:955 you advanced to experience level 3. On T:1058 you reached level 1 of The Gnomish Mines. On T:1109 you advanced to experience level 4. On T:1327 you reached level 2 of The Gnomish Mines. On T:1330 you reached level 4 of The Gnomish Mines. On T:1382 you advanced to experience level 5. On T:1494 you advanced to experience level 6. On T:1726 you reached level 3 of The Gnomish Mines. Score breakdown: Gold: 0 ( 0 points) Experience: 6 levels (12456 points) Exploration: 7 levels ( 14.89%) (10834 points) Discoveries: 9 items ( 3.15%) ( 5321 points) Valuables value: (no points given unless you survive) Artifact value: 0 ( 0 points) Variety of kills: 19 monsters ( 4.99%) ( 6699 points) Turncount: 1921 turns ( 0 points) Survival: died (score multiplied by 80%) Total score: 28248 Latest messages: The gnomish wizard has made a hole in the floor. The gnomish wizard falls through... The gnome picks up a blue gem. The gnome thrusts his dagger. The gnome hits! You hit the gnome. You kill the gnome! The dwarf picks up a blue gem. The gnome thrusts his dagger. The gnome hits! You feel more confident in your fighting skills. You hit the gnome. (2x) The dwarf thrusts his dagger. The dwarf hits! The gnome thrusts his dagger. The gnome hits! You hit the gnome. (2x) The dwarf thrusts his dagger. The dwarf hits! The gnome thrusts his dagger. The gnome hits! You kill the gnome! You miss the dwarf. The dwarf thrusts his dagger. The dwarf hits! You die... Final status: Goodbye Yorick the Priest, killed by a dwarf... You died in The Gnomish Mines on dungeon level 6 with 28248 points, and 0 pieces of gold, after 1921 moves. You were level 6 with a maximum of 47 hit points when you died.